 Dungeon Crawl Stone Soup version 0.16-a0-2839-gd16e107 (webtiles) character file.

131 Johnny the Conjurer (level 4, 0/35 HPs)
             Began as a Demigod Conjurer on Nov 29, 2014.
             Slain by a bat (1 damage)
             ... summoned by Eustachio
             ... on level 4 of the Dungeon.
             The game lasted 00:05:18 (2797 turns).

Johnny the Conjurer (Demigod Conjurer)              Turns: 2797, Time: 00:05:18

Health: 0/35       AC:  2    Str: 11    XL:     4   Next: 61%
Magic:  1/11       EV: 13    Int: 24    God:
Gold:   92         SH:  0    Dex: 16    Spells: 1 memorised, 7 levels left

rFire  + . .     SeeInvis .     g - +0 short sword
rCold  + . .     Clarity  .     a - +0 robe
rNeg   . . .     SustAb   +     (no shield)
rPois  +         Gourm    .     (no helmet)
rElec  +         Spirit   .     (no cloak)
rCorr  +         Warding  .     (no gloves)
rMut   .         Stasis   .     (no boots)
MR     .....                    (no amulet)
Stlth  ++........               (no ring)
                                (no ring)

@: brilliant, resistant, very slightly contaminated, not resistant to hostile
enchantments, unstealthy
A: blurry vision 1, dopey 1, slow healing 1, sustain abilities
a: no special abilities


You were on level 4 of the Dungeon.
You were very hungry.

You visited 1 branch of the dungeon, and saw 4 of its levels.

You collected 92 gold pieces.

Inventory:

Hand weapons
 g - a +0 short sword (weapon)
Armour
 a - a +0 robe (worn)
 f - a +1 pair of boots
Scrolls
 k - 2 scrolls of remove curse
 u - a scroll of noise
Books
 c - a book of Conjurations

   Spells                             Type                      Level
   a - Magic Dart                     Conjuration                  1
   b - Searing Ray                    Conjuration                  2
   c - Dazzling Spray                 Conjuration/Hexes            3
   d - Fulminant Prism                Conjuration/Hexes            4
   e - Iskenderun's Mystic Blast      Conjuration                  4
   f - Iskenderun's Battlesphere      Conjuration/Charms           5
Comestibles
 b - 2 bread rations
 h - 3 fruits
 j - a beef jerky
 p - a meat ration


   Skills:
 + Level 1.2 Fighting
 + Level 1.2 Armour
 + Level 2.2 Dodging
 - Level 1.7 Stealth
 * Level 2.9 Spellcasting
 * Level 4.2 Conjurations


You had 7 spell levels left.
You knew the following spells:

 Your Spells              Type           Power        Failure   Level  Hunger
a - Magic Dart            Conj           ####         1%          1    None


Dungeon Overview and Level Annotations

Branches:
Dungeon (4/15)
 Temple: D:4-7

Shops:
D:4 [

Annotations:
D:3 Robin
D:4 Eustachio


Innate Abilities, Weirdness & Mutations

Your attributes are resistant to harm.
Your vision is a little blurry.
You are dopey. (Int -2)
You heal slowly when monsters are visible.


Message History

Unknown command.
Casting: Magic Dart
Confirm with . or Enter, or press ? or * to list all spells.
Aiming: Magic Dart
Press: ? - help, Shift-Dir - straight line, f/p - Eustachio
Aim: Eustachio, wielding a rapier of flaming and wearing a leather armour (moderately wounded)
The magic dart hits Eustachio.
Eustachio is heavily wounded.
The bat hits you but does no damage. x2
Eustachio closely misses you.
Unknown command.
Casting: Magic Dart
Confirm with . or Enter, or press ? or * to list all spells.
Aiming: Magic Dart
Press: ? - help, Shift-Dir - straight line, f/p - Eustachio
Aim: Eustachio, wielding a rapier of flaming and wearing a leather armour (heavily wounded)
The magic dart hits Eustachio.
Eustachio is severely wounded.
The bat hits you.
You die...

##.<..# .###
##..#..# S∩#
#$....##### #.#
#..##.....# #r#
#..######.####)#
.....>......##.#
..#######..o##.###
.# ##.....@.#####
#@###..@br.r#####
#.# ####..r....§#
#.# #####....# #..
###### ##@ . #.


You could see Eustachio, a river rat, an orc, a bat and 2 rats.

Vanquished Creatures
  A worker ant (D:2)
  A gnoll (D:1)
  2 adders (D:2)
  3 adder skeletons (D:2)
  A giant gecko (D:1)
  An orc (D:4)
  2 bat skeletons (D:2)
  2 bat zombies (D:2)
  5 giant cockroaches (D:1)
  11 hobgoblins
  3 jackals (D:1)
  7 kobolds
  A quokka (D:2)
  A ball python skeleton (D:2)
  7 bats
  2 giant newts
  8 goblins
  2 jackal skeletons (D:2)
  A quokka zombie (D:2)
  5 rats
66 creatures vanquished.

Notes
Turn   | Place    | Note
--------------------------------------------------------------
     0 | D:1      | Johnny, the Demigod Conjurer, began the quest for the Orb.
     0 | D:1      | Reached XP level 1. HP: 14/14 MP: 3/3
   438 | D:1      | Reached XP level 2. HP: 20/20 MP: 0/5
  1130 | D:1      | Reached XP level 3. HP: 22/27 MP: 0/8
  1818 | D:2      | Reached skill level 4 in Conjurations
  1835 | D:2      | Reached skill level 1 in Armour
  2048 | D:2      | Reached skill level 1 in Fighting
  2048 | D:2      | Reached XP level 4. HP: 30/35 MP: 0/11
  2247 | D:2      | Found a deep blue altar of Sif Muna.
  2619 | D:2      | Found a glowing silver altar of Zin.
  2715 | D:3      | Noticed Robin
  2742 | D:4      | Noticed Eustachio
  2746 | D:4      | Found Frigh's Armour Emporium.
  2783 | D:4      | HP: 1/35 [river rat[Eustachio] (7)]
  2786 | D:4      | Gained mutation: You are dopey. (Int -2) [potion of mutation]
  2786 | D:4      | Gained mutation: Your vision is a little blurry. [potion of mutation]
  2786 | D:4      | Gained mutation: You heal slowly when monsters are visible. [potion of mutation]
  2795 | D:4      | HP: 1/35 [bat[Eustachio] (1)]
  2797 | D:4      | Slain by a bat

Action                   |  1- 3 |  4- 6 || total
-------------------------+-------+-------++-------
Melee: Short sword       |    30 |    10 ||    40
       Unarmed           |     2 |       ||     2
 Cast: Magic Dart        |   103 |    56 ||   159
  Use: Scroll            |       |     8 ||     8
       Potion            |       |     7 ||     7
 Stab: Sleeping          |     1 |       ||     1
  Eat: Chunk             |     3 |     2 ||     5
